 Dungeon Crawl Stone Soup version 0.30.1-4-g462c640d31 (webtiles) character file.

Game seed: 14952795672103419928

241 Heoruswealwe the Shooter (level 5, -1/46 HPs)
             Began as a Demigod Hunter on Aug 15, 2023.
             Splashed by a jelly's acid (7 damage)
             ... on level 4 of the Dungeon.
             The game lasted 00:22:45 (2340 turns).

Heoruswealwe the Shooter (Demigod Hunter)           Turns: 2340, Time: 00:22:45

Health: -1/46      AC:  0    Str: 12    XL:     5   Next: 51%
Magic:  7/7        EV: 12    Int: 11    God:
Gold:   195        SH:  0    Dex: 21    Spells: 4/4 levels left

rFire   . . .        a - +0 shortbow
rCold   . . .        (shield currently unavailable)
rNeg    . . .        c - +0 leather armour
rPois   .            (no helmet)
rElec   .            (no cloak)
rCorr   .            (no gloves)
SInv    .            e - +0 pair of boots
Will    +....        (no amulet)
Stlth   ++           k - ring of willpower
HPRegen 0.27/turn    (no ring)
MPRegen 0.10/turn

%: no passive effects
@: corroded
A: high MP 1, forlorn, divine attributes
a: no special abilities


You were on level 4 of the Dungeon.
You visited 1 branch of the dungeon, and saw 4 of its levels.

You collected 195 gold pieces.

Inventory:

Hand Weapons
 a - a +0 shortbow (weapon)
 b - a +0 great sword
Armour
 c - a +0 leather armour (worn)
 e - a +0 pair of boots (worn)
Jewellery
 k - a ring of willpower (left hand)
 n - a +6 ring of dexterity
Wands
 m - a wand of iceblast (6)
Scrolls
 f - a scroll of fear {unknown}
 g - 3 scrolls of enchant armour {unknown}
 h - 3 scrolls of blinking {unknown}
 j - a scroll of fog {unknown}
 l - 2 scrolls of identify {unknown}
 o - a scroll of teleportation {unknown}
 p - a scroll of immolation
Potions
 d - 2 potions of flight {unknown}
 i - a potion of curing {unknown}


   Skills:
 + Level 4.1 Fighting
 + Level 5.2 Ranged Weapons
 - Level 1.7 Dodging
 - Level 0.8 Stealth


You had 4 spell levels left.
You didn't know any spells.
Your spell library was empty.

Dungeon Overview and Level Annotations

Branches:
Dungeon (4/15)
 Temple: D:4-7


Innate Abilities, Weirdness & Mutations

You have an increased reservoir of magic. (+10% MP)
You shall have no god before yourself.
Your divine heritage dramatically boosts your attributes as you level up.


Message History

The arrow hits the jelly.
The jelly is lightly wounded.
No target in view!
You shoot an arrow. The arrow hits the jelly.
The jelly is lightly wounded.
You shoot an arrow. The arrow hits the jelly.
The jelly is moderately wounded.
You shoot an arrow. The arrow hits the jelly.
The jelly is moderately wounded.
You shoot an arrow. The arrow hits the jelly.
The jelly is heavily wounded.
The jelly hits you but does no damage. The jelly hits you.
The acid corrodes you!
You are splashed with acid!
You shoot an arrow.
The arrow hits the jelly but does no damage.
The jelly is heavily wounded.
The jelly hits you.
You are splashed with acid!
You shoot an arrow. The arrow hits the jelly!
The jelly is almost dead.
The jelly misses you.
You shoot an arrow.
The arrow hits the jelly but does no damage.
The jelly is almost dead.
The jelly hits you.
You are splashed with acid.
The jelly misses you.
You are too injured to fight recklessly!
Fire: a) +0 shortbow
Press: ? - help, Q - select action, (/) - cycle Shift-Dir - straight line, f/p - jelly
Aim: a jelly (almost dead, 91% to hit)
You shoot an arrow. The arrow barely misses the jelly.
The jelly hits you.
You are splashed with acid!
* * * LOW HITPOINT WARNING * * *
Fire: a) +0 shortbow
Press: ? - help, Q - select action, (/) - cycle Shift-Dir - straight line, f/p - jelly
Aim: a jelly (almost dead, 91% to hit)
You shoot an arrow. The arrow hits the jelly.
The jelly is almost dead.
The jelly hits you.
* * * LOW HITPOINT WARNING * * *
You are splashed with acid!
You die...

#####........######+####
.............#..........
.............#..........
.........)...#..........
.............#..........
.............+..........
......J.>....#..########
###@######..###.##
+...#............#
#...+............#
#...##..##..##...#
#<..######..##..## .
##...##..##......##..
#.........#.....)....
##.####..###'##......
#.. #..##..##......


You could see a jelly.

Vanquished Creatures
  A scorpion (D:4)
  A hound (D:4)
  7 adders
  3 dart slugs
  An orc (D:3)
  10 bats
  3 endoplasms (D:2)
  8 giant cockroaches
  7 goblins
  9 hobgoblins
  4 quokkas
  4 ball pythons
  A frilled lizard (D:1)
  8 kobolds
  21 rats
88 creatures vanquished.

Notes
Turn   | Place    | Note
-------+----------+-------------------------------------------
     0 | D:1      | Heoruswealwe the Demigod Hunter began the quest for the
                  | Orb.
     0 | D:1      | Reached XP level 1. HP: 17/17 MP: 3/3
   179 | D:1      | Reached XP level 2. HP: 24/24 MP: 4/4
   413 | D:1      | Reached skill level 4 in Ranged Weapons
   707 | D:1      | Reached XP level 3. HP: 30/30 MP: 5/5
  1010 | D:2      | Reached XP level 4. HP: 36/38 MP: 6/6
  1961 | D:3      | Noticed a +0 dagger
  1961 | D:3      | Noticed a +0 dagger
  2261 | D:4      | Reached XP level 5. HP: 46/46 MP: 7/7
  2281 | D:4      | Reached skill level 5 in Ranged Weapons
  2340 | D:4      | Splashed by a jelly's acid

Illustrated notes

Levels and vault maps discovered:
D:1:      scummos_arrival_simple_fountains, layout_loops_corners,
          reono_crystal_passage
D:2:      layout_loops_ring, minmay_rat_hole
D:3:      layout_rooms, gammafunk_temple_overflow_forgotten,
          dancing_weapons_uskayaw, shapermc_ecumenical_altar_mp_ritualfount
D:4:      layout_gridville, serial_shops, shop, shop,
          nicolae_shop_window_shopping, nicolae_shop_getting_attention

Skill      XL: |  1  2  3  4  5 |
---------------+----------------+-----
Fighting       | 2 3 4 |  4.1
Ranged Weapons | 4 5 |  5.2
Dodging        | |  1.7
Stealth        | |  0.8

Action                     |  1- 3 |  4- 6 || total
---------------------------+-------+-------++-------
  Melee: Great sword       |       |    85 ||    85
   Fire: Shortbow          |   125 |   100 ||   225
 Armour: Leather armour    |    13 |    10 ||    23
  Dodge: Dodged            |    55 |    17 ||    72
